 Dungeon Crawl Stone Soup version 0.21.1-1-g345015f (webtiles) character file.

1563 inc the Thaumaturge (level 8, -1/69 HPs)
             Began as an Octopode Enchanter on Apr 23, 2018.
             Was an Initiate of Gozag.
             Slain by a killer bee (2 damage)
             ... on level 7 of the Dungeon.
             The game lasted 00:14:41 (7057 turns).

inc the Thaumaturge (Octopode Enchanter)            Turns: 7057, Time: 00:14:41

Health: -1/69      AC: 24    Str:  7    XL:     8   Next: 89%
Magic:  20/20      EV:  2    Int: 20    God:    Gozag
Gold:   821        SH:  0    Dex: 12    Spells: 17/23 levels left

rFire    . . .     SeeInvis .   a - +1 dagger
rCold    . . .     Gourm    .   (no shield)
rNeg     + + +     Faith    .   (helmet currently unavailable)
rPois    +         Spirit   .   (no amulet)
rElec    .         Reflect  .   p - +3 ring of evasion
rCorr    .         Harm     .   (no ring)
MR       +....     NoTele   +   y - ring of protection from magic
Stlth    +++.......             (no ring)
HPRegen  0.21/turn              (no ring)
MPRegen  0.17/turn              (no ring)
                                (no ring)
                                (no ring)

@: lethally poisoned (-1 -> -3), tree-form, very slightly contaminated,
invisible
A: almost no armour, stealthy swim, (amphibious), 8 rings, (constrict 8)
a: Potion Petition, Call Merchant, Bribe Branch, Renounce Religion


You were on level 7 of the Dungeon.
You worshipped Gozag.
Gozag was pleased with you.
You were full.
You were a tree.
You visited 1 branch of the dungeon, and saw 7 of its levels.

You collected 830 gold pieces.
You paid 9 gold pieces to Gozag.

Inventory:

Hand Weapons
 a - a +1 dagger (weapon)
Magical Staves
 s - an uncursed staff of cold
Jewellery
 p - a +3 ring of evasion (left branch)
 x - an uncursed ring of fire
 y - a ring of protection from magic (on tentacle)
Scrolls
 f - 5 scrolls of remove curse {unknown}
 g - a scroll of fog {unknown}
 j - a scroll of blinking {unknown}
 l - a scroll of fear {unknown}
 m - 2 scrolls of immolation {unknown}
 n - a scroll of magic mapping {unknown}
 t - a scroll of holy word {unknown}
 u - a scroll of brand weapon {unknown}
 v - a scroll of enchant weapon {unknown}
 w - a scroll of enchant armour {unknown}
 z - a scroll of amnesia {unknown}
 A - a scroll of identify
 C - a scroll of teleportation {unknown}
 D - a scroll of random uselessness {unknown}
Potions
 d - 2 potions of degeneration
 e - 2 potions of resistance
 h - a potion of mutation
 k - a potion of agility
 q - a potion of cancellation {unknown}
 B - a potion of haste {unknown}
Books
 b - a book of Maledictions

   Spells                             Type                      Level
   a - Corona                         Hexes                        1
   b - Ensorcelled Hibernation        Hexes/Ice                    2
   c - Confuse                        Hexes                        3
   d - Tukima's Dance                 Hexes                        3
   e - Dazzling Spray                 Conjuration/Hexes            3
Comestibles
 c - 3 rations


   Skills:
 - Level 3.4 Short Blades
 - Level 2.0 Dodging
 + Level 5.4 Stealth
 - Level 8.2 Spellcasting
 - Level 3.0 Hexes
 - Level 4.5 Ice Magic


You had 17 spell levels left.
You knew the following spells:

 Your Spells              Type           Power        Failure   Level  Hunger
a - Corona                Hex            ###....      2%          1    None
b - Ensorcelled Hibernat  Hex/Ice        ###...       2%          2    None
c - Confuse               Hex            ###.....     7%          3    None


Dungeon Overview and Level Annotations

Branches:
Dungeon (7/15)             Temple (0/1) D:5

Altars:
Ashenzari
Gozag
Kikubaaqudgha
Nemelex Xobeh
Qazlal
Ru
Sif Muna
Xom
Zin

Shops:
D:5 %

Annotations:
D:7 Menkaure


Innate Abilities, Weirdness & Mutations

You cannot wear most types of armour.
You are very stealthy in the water. (Stealth+)
((You are amphibious.))
You can wear up to eight rings at the same time.
((You can use your tentacles to constrict eight enemies at once.))
((Your skin changes colour to match your surroundings (Stealth+).))
((Your rubbery body absorbs attacks. (AC +1, EV +1)))


Message History

Unknown command.
You feel sick. The killer bee misses you. The killer bee stings you!
* * * LOW HITPOINT WARNING * * *
The killer bee completely misses you. The killer bee stings you.
* * * LOW HITPOINT WARNING * * *
A killer bee comes into view.
The killer bee buzzes angrily.
Unknown command.
It was a potion of lignification.
You turn into a tree.
Your roots penetrate the ground.
The killer bee barely misses you. The killer bee stings you.
* * * LOW HITPOINT WARNING * * *
The killer bee stings you but does no damage.
The killer bee barely misses you.
The killer bee stings you but does no damage.
It was a potion of magic.
Magic courses through your body.
* * * LOW HITPOINT WARNING * * *
You feel sick. The killer bee stings you.
You die...
Your body crumbles into a pile of gold.

#. #. ##### #. #..<# #. #.#####
### #. #.#... ..#
######.####.#.### #.#
..............#.######.#
###.#......#.#y.......#
#.####...#.#♣y......#
#.#....#.#...y#####.#
#####.#.##.#....<.....#.########
+.............y..y..............
#####.#.).............#.#.......
#.##########.######.######## #.#
#.............# #.#
#....#.#......##.# ..#
#....#........##.#


You could see 5 killer bees.

Vanquished Creatures
  Pikel (D:5)
  A slave (D:5)
  An ogre (D:7)
  2 bullfrogs
  3 scorpions
  2 crimson imps
  A bullfrog zombie (D:5)
  A quasit (D:7)
  2 hounds
  4 orc priests
  A bullfrog skeleton (D:4)
  6 orc wizards
  2 worker ants (D:4)
  A hound skeleton (D:5)
  8 adders
  A shadow imp (D:5)
  An ooze (D:1)
  2 worms
  A dart slug (D:3)
  5 leopard geckos
  23 orcs
  A ball python (D:5)
  9 giant cockroaches
  5 goblins
  6 hobgoblins
  9 jackals
  7 kobolds
  A quokka (D:3)
  7 bats
  3 frilled lizards
  A jackal zombie (D:6)
  6 rats
124 creatures vanquished.

Vanquished Creatures (others)
  A centaur zombie (D:5)
  A bullfrog skeleton (D:5)
  An orc priest (D:5)
3 creatures vanquished.

Grand Total: 127 creatures vanquished

Notes
Turn   | Place    | Note
-------+----------+-------------------------------------------
     0 | D:1      | inc the Octopode Enchanter began the quest for the Orb.
     0 | D:1      | Reached XP level 1. HP: 11/11 MP: 3/3
    99 | D:1      | Reached XP level 2. HP: 17/17 MP: 5/5
   799 | D:2      | Reached XP level 3. HP: 8/21 MP: 6/6
   811 | D:2      | Learned a level 2 spell: Ensorcelled Hibernation
   815 | D:2      | Learned a level 3 spell: Confuse
  1294 | D:2      | Found an opulent altar of Gozag.
  1296 | D:2      | Found a sparkling altar of Nemelex Xobeh.
  1362 | D:2      | Became a worshipper of Gozag Ym Sagoz the Greedy
  1587 | D:2      | Found a deep blue altar of Sif Muna.
  1626 | D:2      | Found a sacrificial altar of Ru.
  1652 | D:2      | Found a shattered altar of Ashenzari.
  1652 | D:2      | Found a faded altar of an unknown god.
  1657 | D:2      | Found a stormy altar of Qazlal.
  1659 | D:2      | Found a faded altar of an unknown god.
  1661 | D:2      | Found a glowing silver altar of Zin.
  1864 | D:3      | Reached XP level 4. HP: 20/27 MP: 7/7
  1882 | D:3      | Reached skill level 3 in Spellcasting
  2239 | D:3      | Reached XP level 5. HP: 31/31 MP: 8/10
  2559 | D:3      | Reached skill level 4 in Spellcasting
  3064 | D:3      | Reached XP level 6. HP: 30/36 MP: 2/13
  3176 | D:3      | Found a shimmering altar of Xom.
  3396 | D:4      | Reached skill level 5 in Spellcasting
  3676 | D:4      | Reached skill level 6 in Spellcasting
  3676 | D:4      | Reached XP level 7. HP: 39/41 MP: 14/16
  3874 | D:5      | Entered Level 5 of the Dungeon
  4104 | D:5      | Noticed Pikel
  4447 | D:5      | Killed Pikel
  4447 | D:5      | Reached skill level 8 in Spellcasting
  4447 | D:5      | Reached XP level 8. HP: 46/46 MP: 16/20
  4487 | D:5      | Found Omneurr's Food Emporium.
  4498 | D:5      | Reached skill level 1 in Ice Magic
  4931 | D:5      | Found a staircase to the Ecumenical Temple.
  6173 | D:6      | Found an ancient bone altar of Kikubaaqudgha.
  6627 | D:7      | Noticed Menkaure
  6907 | D:7      | Reached skill level 5 in Stealth
  7056 | D:7      | HP: 2/69 [killer bee (6)]
  7057 | D:7      | Slain by a killer bee

Skill      XL: |  1  2  3  4  5  6  7  8 |
---------------+-------------------------+-----
Short Blades   | 2 3 |  3.4
Spellcasting   | 3 4 6 8 |  8.2
Ice Magic      | 4 |  4.5
Stealth        | 5 |  5.4
Dodging        | |  2.0
Hexes          | |  3.0

Action                   |  1- 3 |  4- 6 |  7- 9 || total
-------------------------+-------+-------+-------++-------
Melee: Dagger            |   116 |   134 |   130 ||   380
       Constrict         |    27 |    23 |    20 ||    70
       Tentacles         |    20 |    15 |    15 ||    50
 Cast: Ensorcelled Hiber |     1 |    11 |    74 ||    86
       Corona            |     1 |     1 |     1 ||     3
       Confuse           |       |     1 |    23 ||    24
Invok: Potion Petition   |       |     1 |       ||     1
  Use: Scroll            |       |     4 |     2 ||     6
       Potion            |       |       |     4 ||     4
 Stab: Sleeping          |     8 |    18 |    33 ||    59
       Confused          |       |     1 |     3 ||     4
  Eat: Ration            |     1 |     2 |     4 ||     7
       Chunk             |     1 |       |       ||     1
Armor: Skin              |    10 |     9 |     7 ||    26
Dodge: Dodged            |    74 |    86 |   109 ||   269
